 Dungeon Crawl Stone Soup version 0.22-a0-407-gb098539 (webtiles) character file.

277 Ijustatesigmund the Shield-Bearer (level 6, -2/49 HPs)
             Began as a Formicid Fighter on May 9, 2018.
             Killed from afar by an orc wizard (6 damage)
             ... with a puff of flame
             ... on level 4 of the Dungeon.
             The game lasted 00:05:59 (2616 turns).

Ijustatesigmund the Shield-Bearer (FoFi)            Turns: 2616, Time: 00:06:00

Health: -2/49      AC:  6    Str: 20    XL:     6   Next: 50%
Magic:  6/6        EV:  6    Int:  8    God:
Gold:   120        SH: 16    Dex: 12    Spells: 5/5 levels left

rFire    . . .     SeeInvis +   a - +0 war axe
rCold    . . .     Gourm    .   c - +2 large shield
rNeg     . . .     Faith    .   b - +0 scale mail
rPois    .         Spirit   .   (helmet unavailable)
rElec    .         Reflect  .   (no cloak)
rCorr    .         Harm     .   (no gloves)
MR       .....                  (no boots)
Stlth    ..........             (no amulet)
HPRegen  0.16/turn              (no ring)
MPRegen  0.10/turn              (no ring)

@: no status effects
A: permanent stasis, dig shafts and tunnels, four strong arms, antennae 3
a: Dig, Shaft Self


You were on level 4 of the Dungeon.
You were not hungry.

You visited 1 branch of the dungeon, and saw 4 of its levels.

You collected 120 gold pieces.

Inventory:

Hand Weapons
 a - a +0 war axe (weapon)
Armour
 b - a +0 scale mail (worn)
 c - a +2 large shield (worn)
Jewellery
 i - an uncursed ring of fire
Wands
 j - a wand of iceblast (9)
Scrolls
 d - 2 scrolls of amnesia
Potions
 e - 2 potions of curing
 h - a potion of lignification
 k - 3 potions of brilliance
Comestibles
 f - 4 rations


   Skills:
 + Level 4.6 Fighting
 * Level 4.7 Axes
 - Level 3.2 Armour
 + Level 5.1 Shields


You had 5 spell levels left.
You didn't know any spells.

Dungeon Overview and Level Annotations

Branches:
Dungeon (4/15)
 Temple: D:4-7

Altars:
Nemelex Xobeh
Qazlal


Innate Abilities, Weirdness & Mutations

You cannot be hasted, slowed, berserked, paralysed or teleported.
You can dig through walls and to a lower floor.
Your four strong arms can wield two-handed weapons with a shield.
You have a pair of large antennae on your head. (SInv)


Message History

You kill the orc wizard!
The orc priest mumbles some strange prayers to Beogh against you.
Beogh smites you!
The orc wizard gestures at you while chanting.
The puff of flame hits you!
* * * LOW HITPOINT WARNING * * *
You are too injured to fight recklessly!
You feel better. You block the orc wizard's attack.
The orc priest calls down the wrath of Beogh upon you.
Beogh smites you!
* * * LOW HITPOINT WARNING * * *
Things that are here:
a dagger; a robe You slash the orc priest!
The orc priest is almost dead.
You hit the orc wizard.
The orc wizard gestures at you while chanting.
The puff of flame hits you!
You die...

.. .. #.## ########...
#......#..#######
#......#..#<....
#......#oo#..##
#......#.@....#
#......#......#
#######......##.....#
#............').....#
.#####......##.....#######
#.....#######............
#.###.# #.....#.##### #.#
#.# #....[#.# #.# #.#
#.....# #


You could see an orc priest and an orc wizard.

Vanquished Creatures
  A howler monkey (D:4)
  A centaur zombie (D:4)
  2 orc wizards
  4 adders
  4 oozes
  3 worms
  2 dart slugs (D:1)
  4 leopard geckos
  7 orcs
  5 giant cockroaches
  7 goblins
  8 hobgoblins
  5 jackals
  4 kobolds
  A quokka (D:2)
  4 bats
  6 frilled lizards
  9 rats
77 creatures vanquished.

Notes
Turn   | Place    | Note
-------+----------+-------------------------------------------
     0 | D:1      | Ijustatesigmund the Formicid Fighter began the quest for the Orb.
     0 | D:1      | Reached XP level 1. HP: 18/18 MP: 1/1
   332 | D:1      | Reached XP level 2. HP: 18/24 MP: 2/2
   577 | D:1      | Reached XP level 3. HP: 29/29 MP: 3/3
   588 | D:1      | Reached skill level 4 in Shields
  1103 | D:2      | Reached XP level 4. HP: 34/37 MP: 4/4
  1180 | D:2      | You fall through a shaft!
  1300 | D:3      | Reached XP level 5. HP: 14/42 MP: 5/5
  2209 | D:3      | Found a sparkling altar of Nemelex Xobeh.
  2217 | D:3      | Found a stormy altar of Qazlal.
  2218 | D:3      | Noticed a water elemental
  2220 | D:3      | Noticed a fire elemental
  2220 | D:3      | Noticed an air elemental
  2517 | D:4      | Reached XP level 6. HP: 49/49 MP: 6/6
  2529 | D:4      | Reached skill level 5 in Shields
  2616 | D:4      | Killed from afar by an orc wizard

Vault maps used:
D:1:      mushboom_english_gardens, st_stairs_4, corexii_corridor_pit
D:3:      nemelex_xobeh_ov_fountains_minmay, nicolae_qazlal_style_of_elements
D:4:      uniq_sigmund

Skill      XL: |  1  2  3  4  5  6 |
---------------+-------------------+-----
Shields        | 4 5 |  5.1
Axes           | 3 4 |  4.7
Fighting       | 4 |  4.6
Armour         | |  3.2

Action                   |  1- 3 |  4- 6 || total
-------------------------+-------+-------++-------
Melee: War axe           |   120 |   173 ||   293
 Abil: Dig               |     1 |     1 ||     2
  Use: Scroll            |     4 |     5 ||     9
       Potion            |       |     2 ||     2
  Eat: Chunk             |       |     6 ||     6
Armor: Scale mail        |    41 |    64 ||   105
Dodge: Dodged            |    35 |    64 ||    99
Block: Shield            |    66 |    90 ||   156
       Large shield      |       |     5 ||     5

Table legend:
 A = Spawn XP
 B = Non-spawn XP
 C = Spawn XP percentage of total XP
 D = Spawn monster count
 E = Non-spawn monster count
 F = Spawn count percentage of total count
 G = Total turns spent on level
                    A         B        C        D         E        F      G
               +---------+---------+-------+---------+---------+-------+---------
         Total |       0 |     396 |   0.0 |       0 |      77 |   0.0 |  2616
               +---------+---------+-------+---------+---------+-------+---------
           D:1 |       0 |      45 |   0.0 |       0 |      23 |   0.0 |  1036
           D:2 |       0 |      65 |   0.0 |       0 |      19 |   0.0 |   743
           D:3 |       0 |     112 |   0.0 |       0 |      26 |   0.0 |   722
           D:4 |       0 |     174 |   0.0 |       0 |       9 |   0.0 |   115
               +---------+---------+-------+---------+---------+-------+---------
